 Dungeon Crawl Stone Soup version 0.27.1-1-g398f81649c (webtiles) character file.

Game seed: 7492184891839454044

30 Kangaroobicon the Skirmisher (level 3, -1/33 HPs)
             Began as a Draconian Berserker on Sept 13, 2021.
             Was a Follower of Trog.
             Slain by a quokka (3 damage)
             ... on level 1 of the Dungeon.
             The game lasted 00:06:14 (741 turns).

Kangaroobicon the Skirmisher (Draconian Berserker)   Turns: 741, Time: 00:06:14

Health: -1/33      AC:  6    Str: 19    XL:     3   Next: 3%
Magic:  3/3        EV: 12    Int:  7    God:    Trog [*.....]
Gold:   9          SH:  0    Dex: 11    Spells: 2/2 levels left

rFire    . . .     SeeInvis .   a - +0 mace
rCold    . . .     Faith    .   (no shield)
rNeg     . . .     Spirit   .   (armour unavailable)
rPois    .         Reflect  .   (helmet restricted)
rElec    .         Harm     .   (no cloak)
rCorr    .         Rampage  .   (no gloves)
Will     .....                  b - +0 pair of boots
Stlth    +.........             (no amulet)
HPRegen  0.11/turn              (no ring)
MPRegen  0.08/turn              (no ring)

@: no status effects
A: AC +5, unfitting armour, cold-blooded
a: Renounce Religion, Berserk


You were on level 1 of the Dungeon.
You worshipped Trog.
Trog was aware of your devotion.
You visited 1 branch of the dungeon, and saw 1 of its levels.

You collected 9 gold pieces.

Inventory:

Hand Weapons
 a - a +0 mace (weapon)
Missiles
 c - 32 stones (quivered)
Armour
 b - a +0 pair of boots (worn)
Scrolls
 d - a scroll of enchant weapon {unknown}


   Skills:
 + Level 3.7 Fighting
 + Level 3.4 Maces & Flails
 + Level 3.1 Dodging


You had 2 spell levels left.
You didn't know any spells.
Your spell library was empty.

Dungeon Overview and Level Annotations

Branches:
Dungeon (1/15)

Altars:


Innate Abilities, Weirdness & Mutations

Your plain brown scales are hard. (AC +5)
You cannot fit into any form of body armour.
You are cold-blooded and may be slowed by cold attacks.


Message History

You hit the jackal.
The jackal is severely wounded.
The ball python barely misses you. The ball python constricts you.
The ball python bites you but does no damage.
The quokka bites you.
* * * LOW HITPOINT WARNING * * *
The jackal barely misses you. The jackal closely misses you.
The ball python bites you but does no damage.
The ball python constricts you.
You hit the jackal.
You kill the jackal!
Trog accepts your kill. The quokka bites you.
* * * LOW HITPOINT WARNING * * *
The jackal misses you.
The ball python bites you but does no damage.
The ball python barely misses you. The ball python constricts you.
The jackal bites you.
* * * LOW HITPOINT WARNING * * *
The quokka bites you but does no damage.
The ball python barely misses you.
You escape the ball python's grasp.
The jackal closely misses you. The quokka misses you.
Things that are here:
a jackal corpse; a jackal corpse The jackal misses you.
The bat hits you but does no damage.
You miss the bat.
The bat is moderately wounded.
The bat hits you.
* * * LOW HITPOINT WARNING * * *
The quokka bites you.
* * * LOW HITPOINT WARNING * * *
You hit the quokka.
The quokka is almost dead.
The quokka closely misses you.
You hit the quokka but do no damage.
The quokka is almost dead.
The quokka bites you.
You die...

.##.#.#........# ..
.#....##.......# .#
.#.....[.......# ##.##
.#.............# #...
.#.##.#........# #..#
.#....#........###..#####.
.#>.###.........##$.......
...........####.##S..####.#
.#......##.###..@rhS..$...#
รท##..#.###.##..###b..###..
...............#G#...#G# .
.....#.###.....###...###.#
#8.8.#.###.##............#
##.#.......##......_.....#
.#.##########............#
...# ##.###...###.# ...#
#.#G#...#G#.#


You could see an eye of devastation, a quokka, a jackal, a bat and 2 ball
pythons.

Vanquished Creatures
  A dart slug (D:1)
  3 ball pythons (D:1)
  An endoplasm (D:1)
  2 hobgoblins (D:1)
  6 jackals (D:1)
  2 kobolds (D:1)
  A quokka (D:1)
  4 bats (D:1)
  A goblin (D:1)
  4 rats (D:1)
25 creatures vanquished.

Notes
Turn   | Place    | Note
-------+----------+-------------------------------------------
     0 | D:1      | Kangaroobicon the Draconian Berserker began the quest for
                  | the Orb.
     0 | D:1      | Reached XP level 1. HP: 19/19 MP: 1/1
   237 | D:1      | Reached XP level 2. HP: 24/26 MP: 2/2
   390 | D:1      | HP: 1/27 [jackal (3)]
   695 | D:1      | Noticed an eye of devastation
   697 | D:1      | Noticed an eye of devastation
   698 | D:1      | Found a faded altar of an unknown god.
   708 | D:1      | Noticed a great orb of eyes
   713 | D:1      | Noticed a great orb of eyes
   734 | D:1      | Reached XP level 3. HP: 11/33 MP: 3/3
   741 | D:1      | Slain by a quokka

Illustrated notes

Levels and vault maps discovered:
D:1:      psy_arrival_basics, layout_loops_cross,
          hellmonk_ecumenical_altar_watching_god, serial_park_tiny_1

Skill      XL: |  1  2 |
---------------+-------+-----
Dodging        | 3 |  3.1
Fighting       | |  3.7
Maces & Flails | |  3.4

Action                   || total
-------------------------++-------
Melee: Mace              ||    68
       Tailslap          ||     7
Armor: Skin              ||    51
Dodge: Dodged            ||    69
